 Dungeon Crawl Stone Soup version 0.30.0-29-ga12c61a403 (webtiles) character file.

Game seed: 6005804016297164268

18046 Graphine the Demolition Demonspawn (level 12, -4/84 (95) HPs)
             Began as a Demonspawn Monk on June 21, 2023.
             Was an Elder of Makhleb.
             Slain by a spectral orc warrior
             ... wielding a +0 battleaxe
             ... summoned by Nergalle
              (10 damage)
             ... on level 2 of the Lair of Beasts.
             The game lasted 00:24:15 (10355 turns).

Graphine the Demolition Demonspawn (DsMo)          Turns: 10355, Time: 00:24:15

HP:   -4/84 (95)    AC: 13    Str: 12    XL:     12   Next: 24%
MP:   0/23          EV: 15    Int: 15    God:    Makhleb [****..]
Gold: 604           SH:  0    Dex: 20    Spells: 22/25 levels left

rFire   + . .        C - +8 rapier of Fagadghui {freeze, rElec rPois Int+3 SInv}
rCold   . . .        (no shield)
rNeg    + . .        i - +0 ring mail
rPois   +            k - +0 helmet
rElec   +            (no cloak)
rCorr   .            F - +2 pair of gloves
SInv    +            (boots unavailable)
Will    .....        n - amulet of guardian spirit
Stlth   +            o - ring of positive energy
HPRegen 0.34/turn    P - ring of protection from fire
MPRegen 0.18/turn

%: guardian spirit
@: slowed, heavily drained, invisible, very slow
A: hooves 3, thin metallic scales 2, demonic guardian 1
a: Renounce Religion, Minor Destruction, Lesser Servant of Makhleb, Major
Destruction


You were on level 2 of the Lair of Beasts.
You worshipped Makhleb.
Makhleb was greatly pleased with you.
You visited 3 branches of the dungeon, and saw 11 of its levels.
You also visited: Sewer.

You collected 604 gold pieces.

Inventory:

Hand Weapons
 a - a +1 falchion
 C - the +8 rapier of Fagadghui (weapon) {freeze, rElec rPois Int+3 SInv}
   (You found it on level 6 of the Dungeon)

   Int:       It affects your intelligence (+3).
   rElec:     It insulates you from electricity.
   rPois:     It protects you from poison.
   SInv:      It lets you see invisible.
 H - a +5 scimitar
Missiles
 A - a throwing net
Armour
 d - an orb of light
 f - a +0 pair of boots
 i - a +0 ring mail (worn)
 k - a +0 helmet (worn)
 x - a +0 robe of resistance
 F - a +2 pair of gloves (worn)
Jewellery
 n - an amulet of guardian spirit (around neck)
 o - a ring of positive energy (left hand)
 q - a +6 ring of intelligence
 J - a ring of ice
 K - a +6 ring of intelligence
 L - an amulet of regeneration
 P - a ring of protection from fire (right hand)
Wands
 s - a wand of charming (17)
 D - a wand of roots (10)
 G - a wand of flame (17)
 O - a wand of polymorph (6)
Scrolls
 e - 3 scrolls of torment
 h - 4 scrolls of teleportation
 m - 2 scrolls of fog
 r - 2 scrolls of immolation
 t - 6 scrolls of identify
 w - 3 scrolls of fear
 y - 2 scrolls of magic mapping {unknown}
 B - a scroll of vulnerability
 I - 2 scrolls of enchant weapon
Potions
 b - 6 potions of attraction
 c - a potion of ambrosia
 g - 2 potions of degeneration
 l - 4 potions of lignification
 u - 3 potions of mutation
 v - 3 potions of curing
 z - 2 potions of brilliance
 E - a potion of haste
 M - 2 potions of heal wounds {unknown}
 N - a potion of flight {unknown}
 Q - a potion of cancellation {unknown}


   Skills:
 + Level 9.2 Fighting
 + Level 6.2(7.2) Short Blades
 - Level 5.2(6.6) Long Blades
 - Level 6.0 Armour
 + Level 8.3 Dodging
 + Level 7.3 Spellcasting
 + Level 3.5 Transmutations
 + Level 11.0 Invocations


You had 22 spell levels left.
You knew the following spells:

 Your Spells              Type           Power      Damage    Failure   Level
a - Beastly Appendage     Tmut           32%        N/A       6%          1
b - Wereblood             Tmut           16%        N/A       9%          2

Your spell library contained the following spells:

 Spells                   Type           Power      Damage    Failure   Level
 Magic Dart               Conj           20%        1d4       26%         1
 Shock                    Conj/Air       20%        1d4       26%         1
 Scorch                   Fire           10%        2d5       36%         2
 Searing Ray              Conj           10%        2d4       36%         2
 Sublimation of Blood     Necr           5%         N/A       36%         2
 Spider Form              Tmut/Pois      10%        N/A       36%         3
 Summon Guardian Golem    Hex/Summ       5%         N/A       61%         3
 Swiftness                Air            5%         N/A       61%         3
 Petrify                  Tmut/Erth      10%        N/A       77%         4
 Airstrike                Air            2%         2d(1-17)  95%         4
 Flame Wave               Conj/Fire      5%         2d5       95%         4
 Fulminant Prism          Conj/Hex       2%         3d5       95%         4
 Irradiate                Conj/Tmut      5%         3d13      98%         5
 Summon Cactus Giant      Summ           2%         N/A       100%        6
 Orb of Destruction       Conj           2%         9d5       100%        7
 Spellforged Servitor     Conj/Summ      2%         N/A       100%        7


Dungeon Overview and Level Annotations

Branches:
Dungeon (8/15)             Temple (1/1) D:4            Lair (2/5) D:8
 Spider (0/4) Lair:2        Sewer (visited)
  Swamp: Lair:2-3    Shoals: Lair:2-3

Altars:
Dithmenos
Hepliaklqana
Kikubaaqudgha
Makhleb
Nemelex Xobeh
Okawaru
Ru
Sif Muna
Trog
Vehumet
Wu Jian
Xom
Yredelemnul

Annotations:
D:5 3 runed translucent doors, Josd's ghost, novice OpTm; Sensen's ghost, amateur DgEE; u553311's ghost, amateur OgFi
Lair:2 Fannar; Nergalle


Innate Abilities, Weirdness & Mutations

You have hooves in place of feet.
You are mostly covered in thin metallic scales. (AC +3)
A weak demonic guardian rushes to your aid.


Message History

Fannar gestures wildly while chanting.
Fannar blinks!
The spectral orc warlord hits you but does no damage.
The spectral orc warrior completely misses you.
The yak bellows!
You puncture Nergalle! You freeze Nergalle! You kick Nergalle.
Nergalle is heavily wounded.
Nergalle points at you and mumbles some strange words.
Orcish apparitions take form around you.
Fannar mumbles some strange words.
Fannar blinks!
The spectral orc warlord hits you with a +0 dire flail!!
* * * LOW HITPOINT WARNING * * *
A demonic guardian appears!
You partially resist.
You feel drained.
* * * LOW HITPOINT WARNING * * *
The spectral orc warrior barely misses you.
Your ynoxinul gestures at Nergalle.
The iron shot hits the spectral orc warlord!!
A torpor snail comes into view.
Being near the torpor snail leaves you feeling lethargic.
As you read the scroll of fear, it crumbles to dust.
You assume a fearsome visage.
The spectral orc warrior is unaffected.
The spectral orc warlord is unaffected.
The spectral orc warrior is unaffected. x2
Nergalle looks frightened!
The yak looks frightened!
The torpor snail looks frightened!
The yak looks frightened! x2
Your ufetubus hits the spectral orc warlord.
Your ufetubus hits the spectral orc warlord but does no damage.
The spectral orc warlord closely misses you.
The spectral orc warrior barely misses you. x2
Your ufetubus hits the spectral orc warlord but does no damage. x2
The spectral orc warlord hits you with a +0 dire flail!
* * * LOW HITPOINT WARNING * * *
You partially resist.
You feel drained.
Okay, then.
Okay, then.
You fade into invisibility!
The spectral orc warrior misses you.
Your ufetubus hits the spectral orc warlord but does no damage. x2
The spectral orc warrior hits you with a +0 battleaxe!
You die...

....P Y##....~ w.Y.... ~
......#.. #Y..#... #.
######..o#.# P..#...Z†3...#
...P.....Z.54##
........5@....#
...P...Z.Z....#
..e...........## ### ####
≈.#............# #.###..#
~##..........#### ##.#..##
###.......##.##.###......#
.....##..............##P.##
.......#..............~~...#
..............#...P.....~~..##


You could see Fannar (unable to see you), Nergalle (fleeing, ally target), a
torpor snail (unable to see you, fleeing), 3 spectral orc warriors, a spectral
orc warlord (summoned, distracted), 3 yaks, a friendly rust devil (summoned,
slow), a friendly ynoxinul (summoned, slow) and 2 friendly ufetubi.

Vanquished Creatures
  The ghost of Purph the Cleaver, a journeyman MiBe of Trog (Lair:1)
  A hydra (Lair:2)
  Erica (D:8)
  6 death yaks (Lair:2)
  A pharaoh ant (Lair:2)
  Pikel (D:5)
  5 elephants (Lair:1)
  Joseph (D:8)
  A black mamba (Lair:1)
  2 cane toads (Lair:1)
  4 komodo dragons
  2 tarantellas (Lair:2)
  A troll (D:8)
  Grinder (D:3)
  3 blink frogs (Lair:1)
  Sigmund (D:2)
  3 wyverns
  4 yaks (Lair:2)
  A redback (Lair:2)
  A hydra simulacrum (Lair:1)
  6 water moccasins
  2 sky beasts (D:8)
  An ice beast (D:8)
  4 black bears
  5 ogres
  A wolf (D:8)
  A centaur (D:7)
  A lemure (D:5)
  2 phantoms
  5 bullfrogs
  A scorpion (D:6)
  3 wights (D:7)
  A howler monkey (D:8)
  2 electric eels
  6 orc priests
  A gnoll bouda (D:7)
  3 hounds (D:8)
  4 iguanas
  A sleepcap (D:5)
  Natasha (D:2)
  3 orc wizards
  3 hell rats
  10 gnolls
  4 adders
  9 river rats
  A shadow imp (D:7)
  A white imp (D:6)
  An ufetubus (D:4)
  2 worms (D:2)
  3 dart slugs
  15 orcs
  8 endoplasms
  4 giant cockroaches
  9 goblins
  5 hobgoblins
  7 jackals
  A quokka (D:4)
  8 ball pythons
  8 bats
  8 frilled lizards
  7 kobolds
  18 rats
227 creatures vanquished.

Vanquished Creatures (collateral kills)
  A cane toad (Lair:2)
  A troll (D:8)
  A polar bear (Lair:2)
  A hornet (D:6)
  A jumping spider (Lair:2)
  A spectral fire crab (Lair:1)
  2 yaks (Lair:2)
  A water moccasin (Lair:1)
  2 cane toad simulacra (Lair:1)
  An orc (D:8)
12 creatures vanquished.

Grand Total: 239 creatures vanquished

Notes
Turn   | Place    | Note
-------+----------+-------------------------------------------
     0 | D:1      | Graphine the Demonspawn Monk began the quest for the Orb.
     0 | D:1      | Reached XP level 1. HP: 18/18 MP: 1/1
   103 | D:1      | Reached skill level 1 in Invocations
   103 | D:1      | Gained mutation: You have large cloven feet. [demonic
                  | ancestry]
   103 | D:1      | Reached XP level 2. HP: 24/24 MP: 2/2
   927 | D:1      | Reached XP level 3. HP: 29/29 MP: 4/4
  1200 | D:2      | Noticed Natasha
  1211 | D:2      | Killed Natasha
  1212 | D:2      | Reached skill level 2 in Invocations
  1212 | D:2      | Gained mutation: You have hoof-like feet. [demonic
                  | ancestry]
  1212 | D:2      | Reached XP level 4. HP: 19/35 MP: 5/5
  1325 | D:2      | Reached skill level 1 in Armour
  1626 | D:2      | Noticed Sigmund
  1645 | D:2      | Killed Sigmund
  1646 | D:2      | Reached skill level 3 in Invocations
  1646 | D:2      | Gained mutation: You are partially covered in thin metallic
                  | scales. (AC +2) [demonic ancestry]
  1646 | D:2      | Reached XP level 5. HP: 14/42 MP: 5/7
  2151 | D:3      | Noticed Grinder
  2165 | D:3      | Killed Grinder
  2166 | D:3      | Reached skill level 1 in Spellcasting
  2166 | D:3      | Reached XP level 6. HP: 11/49 MP: 1/8
  2439 | D:3      | Found an ancient bone altar of Kikubaaqudgha.
  2496 | D:3      | Found a faded altar of an unknown god.
  3288 | D:4      | Found a staircase to the Ecumenical Temple.
  3298 | Temple   | Entered the Ecumenical Temple
  3312 | Temple   | Became a worshipper of Makhleb the Destroyer
  3312 | Temple   | Reached * piety under Makhleb
  3312 | Temple   | Reached ** piety under Makhleb
  3389 | D:4      | Reached skill level 4 in Invocations
  3389 | D:4      | Reached XP level 7. HP: 46/55 MP: 7/10
  3685 | D:4      | Found a glowing drain.
  3704 | Sewer    | Entered a sewer
  4141 | D:5      | Entered Level 5 of the Dungeon
  4358 | D:5      | Found a runed translucent gate.
  4358 | D:5      | Found a runed translucent gate.
  4358 | D:5      | Found a runed translucent gate.
  4362 | D:5      | Noticed u553311's ghost (amateur OgFi)
  4362 | D:5      | Noticed Josd's ghost (novice OpTm)
  4362 | D:5      | Noticed Sensen's ghost (amateur DgEE)
  4516 | D:5      | Reached *** piety under Makhleb
  4641 | D:5      | Reached skill level 5 in Fighting
  4641 | D:5      | Gained mutation: You have hooves in place of feet. [demonic
                  | ancestry]
  4641 | D:5      | Reached XP level 8. HP: 50/62 MP: 8/11
  4656 | D:5      | Reached skill level 5 in Invocations
  4799 | D:5      | Found an iron altar of Okawaru.
  4823 | D:5      | Found a shimmering blue altar of Sif Muna.
  4904 | D:5      | Noticed Pikel
  4935 | D:5      | Killed Pikel
  4936 | D:5      | Reached skill level 5 in Long Blades
  4936 | D:5      | Reached skill level 5 in Dodging
  5387 | D:6      | Noticed a hornet
  5395 | D:6      | Paralysed by a hornet for 1 turns
  5396 | D:6      | Killed a hornet
  5397 | D:6      | Reached skill level 6 in Invocations
  5404 | D:6      | Reached XP level 9. HP: 42/69 MP: 6/14
  5494 | D:6      | Identified the +8 rapier of Fagadghui {freeze, rElec rPois
                  | Int+3 SInv}
  5805 | D:6      | Reached skill level 1 in Short Blades
  6119 | D:7      | Reached skill level 7 in Invocations
  6492 | D:7      | Found a faded altar of an unknown god.
  6492 | D:7      | Found a faded altar of an unknown god.
  6529 | D:7      | Found a sacrificial altar of Ru.
  6531 | D:7      | Found a shimmering altar of Xom.
  6533 | D:7      | Found a sparkling altar of Nemelex Xobeh.
  6581 | D:8      | Noticed Erica
  6583 | D:8      | Found a staircase to the Lair.
  6590 | D:8      | Noticed a troll
  6607 | D:8      | Killed Erica
  6608 | D:8      | Reached skill level 5 in Armour
  6612 | D:8      | Killed a troll
  6613 | D:8      | Gained mutation: You are mostly covered in thin metallic
                  | scales. (AC +3) [demonic ancestry]
  6613 | D:8      | Reached XP level 10. HP: 15/77 MP: 4/17
  6962 | D:8      | Reached skill level 8 in Invocations
  7098 | D:8      | Noticed Joseph
  7431 | D:8      | Reached skill level 5 in Spellcasting
  7707 | D:8      | Killed Joseph
  7824 | Lair:1   | Entered Level 1 of the Lair of Beasts
  7874 | Lair:1   | Noticed an elephant
  7875 | Lair:1   | Noticed an elephant
  7876 | Lair:1   | Noticed an elephant
  7878 | Lair:1   | Noticed an elephant
  7882 | Lair:1   | Killed an elephant
  7887 | Lair:1   | Killed an elephant
  7895 | Lair:1   | Noticed an elephant
  7898 | Lair:1   | Killed an elephant
  7898 | Lair:1   | Reached **** piety under Makhleb
  7906 | Lair:1   | Killed an elephant
  7967 | Lair:1   | Reached skill level 9 in Invocations
  8120 | Lair:1   | Noticed a cane toad
  8126 | Lair:1   | Killed a cane toad
  8138 | Lair:1   | Killed an elephant
  8219 | Lair:1   | Gained mutation: A weak demonic guardian rushes to your
                  | aid. [demonic ancestry]
  8219 | Lair:1   | Reached XP level 11. HP: 85/86 MP: 17/19
  8687 | Lair:1   | Found a runed translucent gate.
  8690 | Lair:1   | Learned a level 1 spell: Beastly Appendage
  8693 | Lair:1   | Learned a level 2 spell: Wereblood
  8693 | Lair:1   | Found a runed translucent gate.
  8694 | Lair:1   | Found a runed translucent gate.
  8696 | Lair:1   | Noticed Purph's ghost (journeyman MiBe)
  8929 | Lair:1   | Killed Purph's ghost
  8930 | Lair:1   | Reached skill level 5 in Short Blades
  9117 | Lair:1   | Reached skill level 1 in Transmutations
  9206 | Lair:2   | Reached skill level 10 in Invocations
  9300 | Lair:2   | Noticed a death yak
  9300 | Lair:2   | Noticed a death yak
  9302 | Lair:2   | Noticed a death yak
  9307 | Lair:2   | Noticed a death yak
  9310 | Lair:2   | Killed a death yak
  9310 | Lair:2   | Noticed a death yak
  9310 | Lair:2   | Noticed a death yak
  9322 | Lair:2   | Killed a death yak
  9328 | Lair:2   | Killed a death yak
  9334 | Lair:2   | Killed a death yak
  9338 | Lair:2   | Killed a death yak
  9345 | Lair:2   | Killed a death yak
  9531 | Lair:2   | Reached XP level 12. HP: 76/94 MP: 17/22
 10006 | Lair:2   | Found a hole to the Spider Nest.
 10193 | Lair:2   | Noticed a seven-headed hydra
 10201 | Lair:2   | Killed a seven-headed hydra
 10202 | Lair:2   | Reached skill level 11 in Invocations
 10336 | Lair:2   | Noticed Nergalle
 10337 | Lair:2   | Noticed Fannar
 10355 | Lair:2   | Slain by a spectral orc warrior

Illustrated notes

Levels and vault maps discovered:
D:1:      dpeg_arrival_rooms_a, layout_basic
D:2:      layout_loops_corners, hangedman_abyss_or_decor_stabs,
          minmay_misc_feat_enclosed, uniq_natasha, uniq_sigmund
D:3:      layout_loops_corners, mainiacjoe_overflow_chevrons,
          hellmonk_ecumenical_altar_pennies_from_heaven, hex_medium,
          uniq_grinder
D:4:      layout_loops_ring, temple_hall, gup_sewer_entry_glass
D:5:      layout_basic, okawaru_altar_gauntlet_db,
          nicolae_sif_muna_condensation, gammafunk_ghost_cemetery, uniq_pikel
D:6:      layout_rooms, good_gods_temple_1, corexii_hall_statues_t
D:7:      layout_cave_pools, chequers_temple_overflow_minitemple
D:8:      layout_loops_ring, erik_lair_island, serial_rivers,
          chequers_serial_rivers_micro_b, chequers_serial_rivers_micro_d,
          chequers_serial_rivers_room_b, chequers_serial_rivers_room_a,
          chequers_serial_rivers_micro_c, chequers_serial_rivers_marsh,
          uniq_erica, uniq_joseph
Temple:   hellmonk_temple_forest_ring
Lair:1:   layout_hall_layers, gammafunk_ghost_necromancy, kennysheep_rathole
Lair:2:   layout_gridlike, skrybe_swamp_entry_bodies,
          nicolae_spider_entry_lesser_pyramids, grunt_megastairs_1,
          uniq_nergalle, uniq_fannar

Skill      XL: |  1  2  3  4  5  6  7  8  9 10 11 12 |
---------------+-------------------------------------+-----
Invocations    | 1 2 3 4 6 7 9 10 11 | 11.0
Dodging        | 3 4 5 6 7 8 |  8.3
Long Blades    | 3 4 5 |  5.2
Armour         | 1 2 3 4 5 6 |  6.0
Fighting       | 4 5 6 7 8 9 |  9.2
Spellcasting   | 1 2 3 4 5 7 |  7.3
Short Blades   | 2 4 5 6 |  6.2
Transmutations | 3 |  3.5

Action                     |  1- 3 |  4- 6 |  7- 9 | 10-12 || total
---------------------------+-------+-------+-------+-------++-------
  Melee: Falchion          |    72 |    95 |   138 |       ||   305
         Kick              |    12 |     1 |    45 |   112 ||   170
         Rapier            |       |       |    50 |   242 ||   292
 Invoke: Minor Destruction |       |     7 |   137 |   121 ||   265
         Lesser Servant of |       |       |     2 |     3 ||     5
         Major Destruction |       |       |       |     1 ||     1
  Evoke: Wand              |       |       |       |     1 ||     1
    Use: Scroll            |     4 |     5 |    12 |     6 ||    27
         Potion            |       |       |     3 |     3 ||     6
   Stab: Distracted        |       |       |     1 |     1 ||     2
 Armour: Robe              |     2 |       |       |       ||     2
         Ring mail         |    16 |    35 |    76 |   110 ||   237
  Dodge: Dodged            |    48 |    44 |   148 |   207 ||   447
